[ AOE2 MATCH · #472589569 ]
UnrankedHuns vs Italians
[ REPLAY ANALYSIS · EXTRACTED FROM THE RECORDED GAME ]
Feudal
10:39
Castle
20:25
Imperial
35:21
| APM avg | 10.5 |
| APM peak | 68 |
| eAPM avg | 8.7 |
| Villagers / military | 206 / 273 |
Focus
⚔️ 31.2% · 🌾 68.8%
Tarkan ×105 · Scout Cavalry ×71 · Cavalry Archer ×50 · Skirmisher ×22 · Knight ×20 · Trade Cart ×5
Feudal
—
Castle
—
Imperial
—
| APM avg | 16.6 |
| APM peak | 69 |
| eAPM avg | 11.8 |
| Villagers / military | 96 / 263 |
Focus
⚔️ 52.7% · 🌾 47.3%
Genoese Crossbowman ×162 · Knight ×48 · Trade Cart ×19 · Monk ×16 · Archer ×16 · Bombard Cannon ×15
Feudal
9:40
Castle
17:18
Imperial
32:49
| APM avg | 12.2 |
| APM peak | 37 |
| eAPM avg | 9.3 |
| Villagers / military | 121 / 365 |
Focus
⚔️ 40.3% · 🌾 59.7%
Spearman ×151 · Archer ×71 · Longbowman ×65 · Militia ×46 · Trade Cart ×25 · Skirmisher ×15
Feudal
—
Castle
—
Imperial
—
| APM avg | 9.9 |
| APM peak | 26 |
| eAPM avg | 8.5 |
| Villagers / military | 103 / 213 |
Focus
⚔️ 31.4% · 🌾 68.6%
Teutonic Knight ×131 · Scorpion ×59 · Trade Cart ×18 · Bombard Cannon ×15 · Battering Ram ×4 · Trebuchet (Packed) ×3
Feudal
10:37
Castle
22:22
Imperial
34:59
| APM avg | 14.1 |
| APM peak | 61 |
| eAPM avg | 11.5 |
| Villagers / military | 120 / 326 |
Focus
⚔️ 57.0% · 🌾 43.0%
Tarkan ×96 · Skirmisher ×76 · Spearman ×60 · Knight ×52 · Cavalry Archer ×26 · Trebuchet (Packed) ×10
Feudal
—
Castle
—
Imperial
—
| APM avg | 12.5 |
| APM peak | 56 |
| eAPM avg | 11.0 |
| Villagers / military | 114 / 156 |
Focus
⚔️ 30.9% · 🌾 69.1%
War Elephant ×149 · Trade Cart ×22 · Monk ×4 · Spearman ×3
Match map
Initial resources + every placement click. Lines = walls · curves = elevation contours. ◆ gold · ⬟ stone · ● berries · ✦ relic · ◌ wall gap
Your base· ✓ Closed at 20:25 · 0t walls · 3 gate(s)
mustii_gltsry68's base· ✓ Closed at 19:08 · 0t walls · 4 gate(s)
whoisyourdaddy?'s base· ✓ Closed at 17:18 · 0t walls · 2 gate(s)
Whizz_68's base· ✓ Closed at 20:19 · 0t walls · 3 gate(s)
NicoN's base· ✓ Closed at 22:22 · 0t walls · 2 gate(s)
KenzoDayi's base· ✓ Closed at 15:24 · 0t walls · 3 gate(s)
Smoothed initial terrain · ◌ = detected wall gap · hover for details
Inputs per minute
— ezequielm - - mustii_gltsry68
Build order — ezequielm
First 150 of 328 actions detected
| 0:03 | Create | Villager (Male) ×4 |
| 0:03 | Create | Villager (Male) ×4 |
| 1:25 | Create | Villager (Male) |
| 1:25 | Create | Villager (Male) |
| 1:59 | Create | Villager (Male) |
| 2:30 | Create | Villager (Male) |
| 2:59 | Create | Villager (Male) |
| 3:00 | Create | Villager (Male) |
| 3:14 | Build | Mill |
| 3:17 | Create | Villager (Male) |
| 3:45 | Create | Villager (Male) |
| 3:54 | Create | Villager (Male) |
| 3:54 | Create | Villager (Male) |
| 3:54 | Create | Villager (Male) |
| 4:24 | Create | Villager (Male) |
| 5:07 | Create | Villager (Male) ×3 |
| 5:48 | Create | Villager (Male) |
| 6:19 | Create | Villager (Male) |
| 6:19 | Create | Villager (Male) |
| 6:59 | Create | Villager (Male) |
| 6:59 | Create | Villager (Male) |
| 7:31 | Build | Lumber Camp |
| 7:48 | Create | Villager (Male) |
| 8:29 | Research | Feudal Age |
| 10:39 | Age | Feudal Age |
| 10:40 | Research | Wheelbarrow |
| 10:40 | Research | Wheelbarrow |
| 10:40 | Research | Wheelbarrow |
| 10:44 | Research | Horse Collar |
| 10:44 | Research | Horse Collar |
| 10:47 | Research | Double-Bit Axe |
| 10:48 | Research | Double-Bit Axe |
| 10:52 | Create | Villager (Male) ×5 |
| 11:32 | Create | Villager (Male) ×2 |
| 12:39 | Build | Farm |
| 12:41 | Build | Farm |
| 12:42 | Build | Farm |
| 12:53 | Build | Farm |
| 13:09 | Build | Farm |
| 13:10 | Build | Farm |
| 13:12 | Build | Farm |
| 13:13 | Build | Farm |
| 13:15 | Build | Farm |
| 13:17 | Build | Farm |
| 13:18 | Build | Farm |
| 13:25 | Build | Farm |
| 13:32 | Create | Villager (Male) |
| 13:32 | Create | Villager (Male) |
| 13:32 | Create | Villager (Male) |
| 13:33 | Create | Villager (Male) |
| 13:44 | Build | Farm |
| 14:09 | Build | Farm |
| 14:15 | Create | Villager (Male) |
| 14:15 | Create | Villager (Male) |
| 14:15 | Create | Villager (Male) |
| 14:31 | Build | Farm |
| 15:04 | Build | Farm |
| 15:15 | Create | Villager (Male) |
| 15:15 | Create | Villager (Male) |
| 15:23 | Build | Mining Camp |
| 15:54 | Build | Blacksmith |
| 15:59 | Build | Market |
| 16:23 | Research | Gold Mining |
| 16:28 | Create | Villager (Male) |
| 17:36 | Research | Castle Age |
| 17:49 | Build | Barracks |
| 18:50 | Build | Stable |
| 18:54 | Build | Stable |
| 20:00 | Build | Mining Camp |
| 20:25 | Age | Castle Age |
| 20:26 | Research | Hand Cart |
| 20:26 | Research | Hand Cart |
| 20:29 | Research | Heavy Plow |
| 20:33 | Research | Bow Saw |
| 20:33 | Research | Bow Saw |
| 21:05 | Build | Town Center |
| 21:10 | Create | Villager (Male) ×5 |
| 21:40 | Build | Monastery |
| 22:03 | Create | Villager (Male) ×5 |
| 22:06 | Research | Gold Shaft Mining |
| 22:07 | Research | Stone Mining |
| 22:33 | Create | Villager (Male) ×5 |
| 22:33 | Create | Villager (Male) ×5 |
| 22:33 | Create | Villager (Male) ×5 |
| 22:33 | Create | Villager (Male) ×5 |
| 22:34 | Create | Villager (Male) |
| 22:46 | Create | Villager (Male) ×2 |
| 22:57 | Build | Town Center |
| 23:00 | Create | Villager (Male) |
| 23:08 | Create | Monk |
| 23:15 | Create | Scout Cavalry |
| 23:20 | Create | Scout Cavalry |
| 23:36 | Build | Mining Camp |
| 23:41 | Create | Villager (Male) ×2 |
| 23:46 | Build | Farm |
| 23:48 | Build | Farm |
| 24:00 | Build | Farm |
| 24:03 | Create | Villager (Male) ×4 |
| 24:04 | Create | Villager (Male) ×4 |
| 24:11 | Create | Villager (Male) |
| 24:11 | Create | Villager (Male) |
| 24:12 | Create | Villager (Male) |
| 24:16 | Build | Farm |
| 24:29 | Research | Coinage |
| 24:36 | Build | Farm |
| 24:44 | Build | Farm |
| 24:49 | Build | Farm |
| 25:05 | Create | Villager (Male) ×5 |
| 25:23 | Build | Farm |
| 25:27 | Build | Farm |
| 25:31 | Build | Farm |
| 25:35 | Build | Farm |
| 25:40 | Build | Farm |
| 25:49 | Build | Farm |
| 26:13 | Build | Farm |
| 26:18 | Build | Farm |
| 26:26 | Build | Farm |
| 26:31 | Build | Farm |
| 26:33 | Build | Farm |
| 26:36 | Build | Farm |
| 26:42 | Build | Farm |
| 26:48 | Build | Farm |
| 26:52 | Create | Villager (Male) ×5 |
| 26:56 | Create | Villager (Male) ×5 |
| 26:57 | Create | Villager (Male) ×5 |
| 26:57 | Create | Villager (Male) ×5 |
| 27:19 | Build | Lumber Camp |
| 27:28 | Build | Farm |
| 27:33 | Build | Farm |
| 27:39 | Build | Farm |
| 27:44 | Build | Farm |
| 27:49 | Build | Mill |
| 27:57 | Build | Farm |
| 28:05 | Build | Farm |
| 28:10 | Build | Farm |
| 28:16 | Create | Villager (Male) ×3 |
| 28:16 | Create | Villager (Male) ×3 |
| 28:23 | Create | Villager (Male) ×5 |
| 28:23 | Create | Villager (Male) ×5 |
| 28:24 | Create | Villager (Male) ×5 |
| 28:29 | Create | Villager (Male) ×5 |
| 28:29 | Create | Villager (Male) ×5 |
| 28:30 | Create | Villager (Male) ×5 |
| 29:17 | Create | Monk |
| 29:52 | Research | Caravan |
| 30:04 | Build | Castle |
| 30:07 | Research | Light Cavalry (upgrade) |
| 30:08 | Research | Bloodlines |
| 30:09 | Research | Husbandry |
| 30:24 | Create | Scout Cavalry ×5 |
Build order — mustii_gltsry68
First 150 of 520 actions detected
| 0:07 | Build | House |
| 0:09 | Create | Villager (Male) |
| 0:10 | Create | Villager (Male) |
| 0:10 | Create | Villager (Male) |
| 0:10 | Create | Villager (Male) |
| 0:10 | Create | Villager (Male) |
| 0:28 | Build | House |
| 1:00 | Build | House |
| 1:42 | Build | Mill |
| 1:45 | Create | Villager (Male) |
| 2:15 | Create | Villager (Male) |
| 2:40 | Create | Villager (Male) |
| 3:10 | Create | Villager (Male) |
| 3:22 | Create | Villager (Male) |
| 3:47 | Create | Villager (Male) |
| 4:17 | Create | Villager (Male) |
| 4:41 | Create | Villager (Male) |
| 4:50 | Create | Villager (Male) |
| 5:16 | Build | Lumber Camp |
| 5:24 | Create | Villager (Male) |
| 5:25 | Create | Villager (Male) |
| 5:43 | Create | Villager (Male) |
| 6:17 | Create | Villager (Male) |
| 6:36 | Build | Mining Camp |
| 6:40 | Create | Villager (Male) |
| 7:00 | Build | House |
| 7:02 | Build | House |
| 7:07 | Create | Villager (Male) |
| 7:49 | Create | Villager (Male) |
| 8:04 | Build | Mining Camp |
| 9:06 | Create | Villager (Male) |
| 9:21 | Build | Mill |
| 9:34 | Research | Feudal Age |
| 11:42 | Create | Villager (Male) |
| 11:42 | Create | Villager (Male) |
| 11:42 | Create | Villager (Male) |
| 11:43 | Create | Villager (Male) |
| 11:59 | Research | Double-Bit Axe |
| 12:04 | Research | Horse Collar |
| 12:24 | Build | Farm |
| 12:29 | Create | Villager (Male) |
| 12:29 | Create | Villager (Male) |
| 12:46 | Build | Farm |
| 13:02 | Build | Farm |
| 13:14 | Build | Farm |
| 13:17 | Build | Farm |
| 13:28 | Build | Farm |
| 13:40 | Build | Market |
| 13:52 | Build | Blacksmith |
| 13:56 | Build | Blacksmith |
| 14:02 | Build | House |
| 14:03 | Build | House |
| 14:09 | Build | Farm |
| 14:26 | Build | Farm |
| 14:34 | Research | Wheelbarrow |
| 14:36 | Create | Villager (Male) |
| 14:36 | Create | Villager (Male) |
| 14:37 | Create | Villager (Male) |
| 15:13 | Build | Farm |
| 15:23 | Research | Gold Mining |
| 15:27 | Research | Stone Mining |
| 15:36 | Build | Watch Tower |
| 15:43 | Build | Watch Tower |
| 16:20 | Build | Farm |
| 16:49 | Build | Farm |
| 17:14 | Build | Gate |
| 17:18 | Create | Villager (Male) |
| 17:52 | Build | Gate |
| 18:43 | Build | House |
| 18:45 | Build | House |
| 18:46 | Build | House |
| 18:47 | Build | House |
| 18:50 | Build | House |
| 18:52 | Build | House |
| 18:53 | Build | House |
| 19:08 | Research | Castle Age |
| 19:30 | Build | House |
| 19:32 | Build | House |
| 19:34 | Build | House |
| 19:35 | Build | House |
| 19:38 | Build | House |
| 19:39 | Build | House |
| 20:00 | Create | Trade Cart |
| 20:00 | Create | Trade Cart |
| 20:00 | Create | Trade Cart |
| 20:01 | Create | Trade Cart |
| 20:02 | Create | Trade Cart |
| 20:29 | Create | Villager (Male) |
| 20:29 | Create | Villager (Male) |
| 20:29 | Create | Villager (Male) |
| 20:30 | Create | Villager (Male) |
| 20:31 | Create | Villager (Male) |
| 20:47 | Build | Barracks |
| 21:25 | Build | Archery Range |
| 22:12 | Research | Bow Saw |
| 22:16 | Research | Heavy Plow |
| 22:37 | Build | Town Center |
| 23:00 | Create | Villager (Male) |
| 23:01 | Create | Villager (Male) |
| 23:25 | Create | Villager (Male) |
| 23:25 | Create | Villager (Male) |
| 23:25 | Create | Villager (Male) |
| 23:26 | Create | Villager (Male) |
| 23:26 | Create | Villager (Male) |
| 23:41 | Build | Farm |
| 23:56 | Research | Crossbowman (upgrade) |
| 23:59 | Create | Archer |
| 23:59 | Create | Archer |
| 23:59 | Create | Archer |
| 24:00 | Create | Archer |
| 24:00 | Create | Archer |
| 24:15 | Build | Mining Camp |
| 24:53 | Build | Town Center |
| 24:59 | Create | Villager (Male) |
| 24:59 | Create | Villager (Male) |
| 25:00 | Create | Villager (Male) |
| 25:00 | Create | Villager (Male) |
| 25:01 | Create | Villager (Male) |
| 26:08 | Build | Castle |
| 26:21 | Build | Farm |
| 26:26 | Build | Farm |
| 27:11 | Build | Town Center |
| 27:18 | Create | Villager (Male) |
| 27:41 | Create | Villager (Male) |
| 27:42 | Create | Villager (Male) |
| 27:42 | Create | Villager (Male) |
| 27:42 | Create | Villager (Male) |
| 27:45 | Create | Villager (Male) |
| 28:14 | Build | Farm |
| 28:29 | Create | Villager (Male) |
| 28:30 | Create | Villager (Male) |
| 28:30 | Create | Villager (Male) |
| 28:30 | Create | Villager (Male) |
| 28:31 | Create | Villager (Male) |
| 28:31 | Create | Villager (Male) |
| 28:40 | Create | Villager (Male) |
| 28:59 | Research | Imperial Age |
| 29:27 | Create | Genoese Crossbowman |
| 29:28 | Create | Genoese Crossbowman |
| 29:28 | Create | Genoese Crossbowman |
| 29:28 | Create | Genoese Crossbowman |
| 29:28 | Create | Genoese Crossbowman |
| 29:29 | Create | Genoese Crossbowman |
| 29:29 | Create | Genoese Crossbowman |
| 29:29 | Create | Genoese Crossbowman |
| 29:30 | Create | Genoese Crossbowman |
| 29:31 | Create | Genoese Crossbowman |
| 29:34 | Create | Archer |
| 29:34 | Create | Archer |
| 29:35 | Create | Archer |
Build order — whoisyourdaddy?
First 150 of 403 actions detected
| 0:02 | Create | Villager (Male) |
| 0:03 | Create | Villager (Male) |
| 0:05 | Build | House |
| 0:07 | Build | House |
| 0:08 | Create | Villager (Male) |
| 0:09 | Create | Villager (Male) |
| 0:09 | Create | Villager (Male) |
| 1:24 | Create | Villager (Male) |
| 1:54 | Build | Lumber Camp |
| 2:00 | Create | Villager (Male) |
| 2:20 | Create | Villager (Male) |
| 2:40 | Create | Villager (Male) |
| 2:42 | Create | Villager (Male) |
| 3:15 | Create | Villager (Male) |
| 3:15 | Create | Villager (Male) |
| 3:44 | Create | Villager (Male) |
| 4:27 | Create | Villager (Male) |
| 4:27 | Create | Villager (Male) |
| 4:43 | Build | House |
| 4:55 | Build | House |
| 5:13 | Create | Villager (Male) |
| 5:13 | Create | Villager (Male) |
| 5:14 | Create | Villager (Male) |
| 5:28 | Build | Mill |
| 5:47 | Create | Villager (Male) |
| 5:48 | Create | Villager (Male) |
| 6:07 | Create | Villager (Male) |
| 7:09 | Build | Mill |
| 7:18 | Research | Feudal Age |
| 8:00 | Create | Villager (Male) |
| 8:00 | Create | Villager (Male) |
| 9:39 | Build | House |
| 9:40 | Age | Feudal Age |
| 9:42 | Build | House |
| 9:59 | Build | Market |
| 10:11 | Build | Blacksmith |
| 10:24 | Research | Wheelbarrow |
| 10:26 | Create | Villager (Male) |
| 10:37 | Build | Mining Camp |
| 10:45 | Create | Villager (Male) |
| 10:45 | Create | Villager (Male) |
| 11:24 | Build | Barracks |
| 12:45 | Build | Farm |
| 12:45 | Build | Farm |
| 12:46 | Build | Farm |
| 12:46 | Build | Farm |
| 13:16 | Create | Villager (Male) |
| 13:30 | Build | Farm |
| 13:30 | Build | Farm |
| 13:31 | Build | Farm |
| 13:32 | Build | Farm |
| 13:33 | Build | Farm |
| 14:12 | Build | Farm |
| 14:13 | Build | Farm |
| 14:13 | Build | Farm |
| 14:13 | Build | Farm |
| 14:38 | Research | Castle Age |
| 14:38 | Research | Castle Age |
| 15:23 | Research | Double-Bit Axe |
| 15:26 | Research | Horse Collar |
| 17:18 | Age | Castle Age |
| 17:24 | Build | Town Center |
| 17:28 | Create | Villager (Male) |
| 17:30 | Create | Villager (Male) ×5 |
| 17:33 | Research | Bow Saw |
| 17:38 | Create | Villager (Male) ×5 |
| 17:58 | Build | Town Center |
| 18:38 | Create | Villager (Male) |
| 18:38 | Create | Villager (Male) |
| 18:39 | Create | Villager (Male) |
| 18:41 | Create | Villager (Male) |
| 18:41 | Create | Villager (Male) |
| 18:41 | Create | Villager (Male) |
| 18:42 | Create | Villager (Male) |
| 18:44 | Create | Villager (Male) |
| 19:00 | Create | Villager (Male) |
| 19:00 | Create | Villager (Male) |
| 19:12 | Create | Villager (Male) |
| 19:12 | Create | Villager (Male) |
| 19:56 | Build | Mining Camp |
| 20:12 | Create | Villager (Male) ×4 |
| 20:18 | Build | House |
| 20:20 | Build | House |
| 20:21 | Build | House |
| 20:24 | Build | House |
| 20:28 | Build | House |
| 20:30 | Build | House |
| 20:32 | Build | House |
| 20:36 | Create | Villager (Male) ×3 |
| 20:50 | Build | Monastery |
| 21:10 | Create | Villager (Male) |
| 21:10 | Create | Villager (Male) |
| 21:12 | Create | Villager (Male) |
| 21:50 | Create | Monk |
| 21:50 | Create | Monk |
| 22:03 | Research | Man-at-Arms (upgrade) |
| 22:05 | Create | Militia |
| 22:05 | Create | Militia |
| 22:06 | Create | Militia |
| 22:17 | Build | Farm |
| 22:17 | Build | Farm |
| 22:17 | Build | Farm |
| 22:19 | Build | Farm |
| 22:20 | Build | Farm |
| 22:21 | Build | Farm |
| 22:23 | Build | Farm |
| 22:24 | Build | Farm |
| 23:11 | Research | Long Swordsman (upgrade) |
| 23:19 | Create | Villager (Male) ×5 |
| 23:30 | Research | Heavy Plow |
| 23:47 | Build | Farm |
| 23:47 | Build | Farm |
| 23:47 | Build | Farm |
| 23:48 | Build | Farm |
| 23:51 | Build | Farm |
| 23:52 | Build | Farm |
| 24:08 | Create | Villager (Male) ×5 |
| 24:08 | Create | Villager (Male) |
| 24:14 | Build | House |
| 24:15 | Build | House |
| 24:18 | Build | House |
| 24:19 | Build | House |
| 24:21 | Build | House |
| 24:22 | Build | House |
| 24:29 | Build | House |
| 24:30 | Build | House |
| 24:31 | Build | House |
| 24:32 | Build | House |
| 24:33 | Build | House |
| 24:34 | Build | House |
| 24:37 | Build | House |
| 24:38 | Build | House |
| 24:39 | Build | House |
| 24:39 | Build | House |
| 24:40 | Build | House |
| 24:41 | Build | House |
| 24:41 | Build | House |
| 24:43 | Build | House |
| 24:43 | Build | House |
| 24:44 | Build | House |
| 24:44 | Build | House |
| 24:46 | Build | House |
| 24:46 | Build | House |
| 24:46 | Build | House |
| 24:47 | Build | House |
| 24:48 | Build | House |
| 24:49 | Build | House |
| 24:56 | Create | Villager (Male) ×5 |
| 24:58 | Create | Villager (Male) ×2 |
| 26:06 | Build | Farm |
Build order — Whizz_68
First 150 of 276 actions detected
| 0:03 | Create | Villager (Male) ×4 |
| 0:04 | Create | Villager (Male) |
| 0:15 | Build | House |
| 0:55 | Build | House |
| 1:00 | Build | House |
| 1:05 | Build | House |
| 1:36 | Create | Villager (Male) |
| 1:36 | Create | Villager (Male) |
| 1:36 | Create | Villager (Male) |
| 2:15 | Create | Villager (Male) |
| 2:15 | Create | Villager (Male) |
| 2:54 | Create | Villager (Male) |
| 3:16 | Create | Villager (Male) |
| 3:16 | Create | Villager (Male) |
| 3:42 | Create | Villager (Male) |
| 4:01 | Create | Villager (Male) |
| 4:01 | Create | Villager (Male) |
| 4:31 | Create | Villager (Male) ×2 |
| 4:31 | Research | Loom |
| 4:43 | Build | Mill |
| 5:28 | Create | Villager (Male) ×2 |
| 6:06 | Build | Lumber Camp |
| 6:33 | Create | Villager (Male) ×5 |
| 8:18 | Build | House |
| 8:23 | Build | House |
| 8:29 | Build | House |
| 8:33 | Build | House |
| 8:59 | Research | Feudal Age |
| 9:22 | Build | Mining Camp |
| 9:34 | Research | Loom |
| 9:39 | Create | Villager (Male) |
| 9:40 | Create | Villager (Male) |
| 9:40 | Create | Villager (Male) |
| 9:40 | Create | Villager (Male) |
| 9:42 | Create | Villager (Male) |
| 10:17 | Build | Mining Camp |
| 11:36 | Research | Double-Bit Axe |
| 13:08 | Build | Farm |
| 13:09 | Build | Farm |
| 13:10 | Build | Farm |
| 13:11 | Build | Farm |
| 13:22 | Build | House |
| 13:23 | Build | House |
| 13:28 | Build | Farm |
| 13:31 | Build | Farm |
| 13:35 | Build | Farm |
| 13:40 | Build | Farm |
| 13:44 | Build | Farm |
| 13:54 | Create | Villager (Male) ×10 |
| 13:55 | Create | Villager (Male) |
| 14:44 | Build | Farm |
| 14:49 | Build | Farm |
| 15:13 | Build | Farm |
| 15:23 | Research | Gold Mining |
| 15:28 | Research | Stone Mining |
| 15:53 | Build | Farm |
| 15:56 | Research | Horse Collar |
| 16:04 | Build | Farm |
| 16:40 | Build | Farm |
| 16:54 | Build | Farm |
| 17:24 | Build | Market |
| 17:41 | Build | Farm |
| 17:45 | Create | Villager (Male) |
| 17:46 | Create | Villager (Male) |
| 17:47 | Create | Villager (Male) |
| 18:10 | Build | Farm |
| 18:31 | Build | Farm |
| 19:01 | Build | Farm |
| 19:10 | Build | Blacksmith |
| 19:34 | Build | Barracks |
| 19:37 | Create | Villager (Male) |
| 19:38 | Create | Villager (Male) |
| 19:41 | Create | Villager (Male) |
| 19:44 | Research | Wheelbarrow |
| 19:53 | Create | Villager (Male) |
| 19:53 | Create | Villager (Male) |
| 20:09 | Research | Scale Barding Armor |
| 20:09 | Research | Forging |
| 20:19 | Research | Castle Age |
| 20:35 | Research | Arson |
| 20:53 | Build | House |
| 20:56 | Build | House |
| 20:58 | Build | House |
| 21:01 | Build | House |
| 21:05 | Build | House |
| 21:08 | Build | House |
| 21:12 | Build | House |
| 21:20 | Build | House |
| 21:27 | Research | Scale Mail Armor |
| 23:35 | Create | Trade Cart |
| 23:35 | Create | Trade Cart |
| 23:35 | Create | Trade Cart |
| 23:36 | Create | Trade Cart |
| 23:36 | Create | Trade Cart |
| 24:04 | Build | Town Center |
| 24:13 | Create | Villager (Male) |
| 24:13 | Create | Villager (Male) |
| 24:13 | Create | Villager (Male) |
| 24:13 | Create | Villager (Male) |
| 24:14 | Create | Villager (Male) |
| 24:25 | Build | Castle |
| 24:49 | Build | Farm |
| 24:57 | Create | Villager (Male) ×15 |
| 24:57 | Create | Villager (Male) |
| 25:02 | Create | Villager (Male) ×11 |
| 25:02 | Create | Villager (Male) |
| 25:28 | Research | Bow Saw |
| 25:44 | Research | Squires |
| 25:45 | Research | Gambesons |
| 25:59 | Build | Farm |
| 26:29 | Build | Farm |
| 26:45 | Build | University |
| 27:17 | Build | Mill |
| 27:47 | Research | Imperial Age |
| 28:04 | Build | Farm |
| 28:05 | Build | Farm |
| 28:06 | Build | Farm |
| 28:07 | Build | Farm |
| 28:19 | Build | Monastery |
| 28:34 | Build | Mill |
| 28:53 | Research | Masonry |
| 28:54 | Research | Fortified Wall (upgrade) |
| 29:24 | Build | Siege Workshop |
| 29:28 | Build | Siege Workshop |
| 29:31 | Build | Siege Workshop |
| 29:43 | Build | Farm |
| 29:44 | Build | Farm |
| 29:57 | Build | Mill |
| 30:22 | Create | Monk |
| 30:28 | Research | Caravan |
| 31:05 | Build | Farm |
| 31:06 | Build | Farm |
| 31:07 | Build | Farm |
| 31:08 | Build | Farm |
| 31:09 | Build | Farm |
| 31:25 | Research | Heavy Plow |
| 31:28 | Research | Stone Shaft Mining |
| 32:02 | Build | Castle |
| 32:19 | Create | Teutonic Knight |
| 32:19 | Create | Teutonic Knight |
| 32:19 | Create | Teutonic Knight |
| 32:20 | Create | Teutonic Knight |
| 32:20 | Create | Teutonic Knight |
| 32:20 | Create | Teutonic Knight |
| 32:31 | Research | Ballistics |
| 32:46 | Create | Villager (Male) |
| 32:48 | Research | Hand Cart |
| 33:05 | Research | Chain Barding Armor |
| 33:06 | Research | Iron Casting |
| 33:07 | Research | Chain Mail Armor |
Build order — NicoN
First 150 of 564 actions detected
| 0:09 | Create | Villager (Male) |
| 0:09 | Create | Villager (Male) |
| 0:10 | Create | Villager (Male) |
| 0:10 | Create | Villager (Male) |
| 1:46 | Create | Villager (Male) |
| 1:46 | Create | Villager (Male) |
| 2:28 | Create | Villager (Male) |
| 2:28 | Create | Villager (Male) |
| 2:28 | Create | Villager (Male) |
| 3:00 | Build | Mill |
| 3:05 | Create | Villager (Male) |
| 3:27 | Create | Villager (Male) |
| 4:06 | Create | Villager (Male) |
| 4:18 | Create | Villager (Male) |
| 5:03 | Create | Villager (Male) |
| 5:04 | Create | Villager (Male) |
| 5:38 | Create | Villager (Male) |
| 5:39 | Create | Villager (Male) |
| 6:00 | Create | Villager (Male) |
| 6:21 | Build | Lumber Camp |
| 6:40 | Create | Villager (Male) |
| 6:40 | Create | Villager (Male) |
| 7:40 | Create | Villager (Male) |
| 8:08 | Create | Villager (Male) |
| 8:27 | Research | Feudal Age |
| 8:45 | Build | Barracks |
| 10:27 | Build | Mill |
| 10:37 | Age | Feudal Age |
| 10:43 | Research | Wheelbarrow |
| 10:47 | Research | Horse Collar |
| 10:54 | Research | Double-Bit Axe |
| 11:03 | Build | Farm |
| 11:13 | Build | Farm |
| 11:27 | Create | Spearman |
| 11:28 | Create | Spearman |
| 11:46 | Create | Villager (Male) |
| 11:47 | Create | Villager (Male) |
| 11:47 | Create | Villager (Male) |
| 11:47 | Create | Villager (Male) |
| 12:13 | Build | Farm |
| 12:34 | Build | Farm |
| 12:47 | Build | Farm |
| 12:55 | Build | Farm |
| 13:00 | Create | Villager (Male) |
| 13:00 | Create | Villager (Male) |
| 13:12 | Build | Mining Camp |
| 13:43 | Build | Farm |
| 14:18 | Build | Market |
| 14:26 | Build | Blacksmith |
| 14:36 | Create | Villager (Male) |
| 14:37 | Create | Villager (Male) |
| 15:09 | Build | Farm |
| 15:17 | Create | Villager (Male) |
| 15:18 | Create | Villager (Male) |
| 15:33 | Build | Farm |
| 15:53 | Create | Villager (Male) |
| 15:53 | Create | Villager (Male) |
| 15:58 | Build | Farm |
| 16:23 | Build | Farm |
| 16:29 | Create | Villager (Male) |
| 16:29 | Create | Villager (Male) |
| 16:30 | Create | Villager (Male) |
| 16:52 | Build | Stable |
| 16:58 | Build | Archery Range |
| 17:05 | Create | Spearman |
| 17:05 | Create | Spearman |
| 17:21 | Create | Villager (Male) |
| 17:21 | Create | Villager (Male) |
| 17:28 | Research | Gold Mining |
| 17:29 | Research | Stone Mining |
| 17:49 | Create | Villager (Male) |
| 17:50 | Create | Villager (Male) |
| 18:37 | Build | Lumber Camp |
| 18:46 | Create | Villager (Male) |
| 18:46 | Create | Villager (Male) |
| 18:58 | Build | Mining Camp |
| 19:12 | Create | Villager (Male) |
| 19:13 | Create | Villager (Male) |
| 19:20 | Build | Farm |
| 19:35 | Research | Castle Age |
| 19:52 | Build | Farm |
| 20:13 | Build | Archery Range |
| 20:21 | Build | Barracks |
| 20:47 | Build | Farm |
| 21:54 | Build | Lumber Camp |
| 22:18 | Create | Villager (Male) |
| 22:18 | Create | Villager (Male) |
| 22:19 | Create | Villager (Male) |
| 22:19 | Create | Villager (Male) |
| 22:22 | Age | Castle Age |
| 22:28 | Research | Hand Cart |
| 22:34 | Research | Heavy Plow |
| 22:38 | Research | Gold Shaft Mining |
| 22:41 | Research | Bow Saw |
| 22:48 | Create | Cavalry Archer |
| 22:49 | Create | Cavalry Archer |
| 22:49 | Create | Cavalry Archer |
| 22:49 | Create | Cavalry Archer |
| 23:15 | Build | Town Center |
| 24:12 | Create | Villager (Male) |
| 24:13 | Create | Villager (Male) |
| 24:13 | Create | Villager (Male) |
| 24:13 | Create | Villager (Male) |
| 24:14 | Create | Villager (Male) |
| 24:14 | Create | Villager (Male) |
| 24:14 | Create | Villager (Male) |
| 24:15 | Create | Villager (Male) |
| 24:15 | Create | Villager (Male) |
| 24:50 | Research | Husbandry |
| 24:51 | Create | Knight |
| 24:51 | Create | Knight |
| 24:52 | Create | Knight |
| 25:07 | Build | Monastery |
| 25:22 | Create | Villager (Male) |
| 25:22 | Create | Villager (Male) |
| 25:40 | Build | Farm |
| 25:55 | Build | University |
| 26:04 | Create | Monk |
| 26:09 | Create | Villager (Male) |
| 26:09 | Create | Villager (Male) |
| 26:10 | Create | Villager (Male) |
| 26:10 | Create | Villager (Male) |
| 26:10 | Create | Villager (Male) |
| 26:22 | Build | Farm |
| 26:30 | Build | Farm |
| 26:33 | Create | Villager (Male) |
| 26:33 | Create | Villager (Male) |
| 26:33 | Create | Villager (Male) |
| 27:12 | Build | Farm |
| 27:22 | Build | Farm |
| 27:40 | Build | Farm |
| 27:46 | Build | Farm |
| 27:54 | Create | Knight |
| 27:54 | Create | Knight |
| 27:55 | Create | Knight |
| 27:55 | Create | Knight |
| 28:01 | Create | Cavalry Archer |
| 28:02 | Create | Cavalry Archer |
| 28:02 | Create | Cavalry Archer |
| 28:02 | Create | Cavalry Archer |
| 28:03 | Create | Cavalry Archer |
| 28:03 | Create | Cavalry Archer |
| 28:14 | Research | Padded Archer Armor |
| 28:14 | Research | Fletching |
| 28:15 | Research | Forging |
| 28:17 | Research | Scale Mail Armor |
| 28:17 | Research | Scale Barding Armor |
| 28:22 | Create | Villager (Male) |
| 28:22 | Create | Villager (Male) |
| 28:23 | Create | Villager (Male) |
Build order — KenzoDayi
First 150 of 536 actions detected
| 0:08 | Build | House |
| 0:13 | Build | House |
| 0:15 | Create | Villager (Male) |
| 0:16 | Create | Villager (Male) |
| 0:16 | Create | Villager (Male) |
| 0:16 | Create | Villager (Male) |
| 0:16 | Create | Villager (Male) |
| 0:17 | Create | Villager (Male) |
| 0:17 | Create | Villager (Male) |
| 0:18 | Research | Loom |
| 1:00 | Build | House |
| 2:13 | Create | Villager (Male) |
| 2:32 | Create | Villager (Male) |
| 2:43 | Build | Lumber Camp |
| 3:24 | Create | Villager (Male) |
| 4:11 | Create | Villager (Male) |
| 4:11 | Create | Villager (Male) |
| 4:11 | Create | Villager (Male) |
| 4:11 | Create | Villager (Male) |
| 4:48 | Build | Mill |
| 5:35 | Create | Villager (Male) |
| 5:36 | Create | Villager (Male) |
| 5:36 | Create | Villager (Male) |
| 5:36 | Create | Villager (Male) |
| 6:23 | Create | Villager (Male) |
| 7:42 | Create | Villager (Male) |
| 7:53 | Build | House |
| 8:31 | Create | Villager (Male) |
| 8:42 | Build | House |
| 9:10 | Research | Feudal Age |
| 9:45 | Build | Mill |
| 9:58 | Create | Villager (Male) |
| 9:59 | Create | Villager (Male) |
| 11:37 | Build | Market |
| 11:56 | Build | Blacksmith |
| 12:02 | Build | Farm |
| 12:07 | Create | Villager (Male) |
| 12:11 | Create | Villager (Male) |
| 12:11 | Create | Villager (Male) |
| 12:12 | Create | Villager (Male) |
| 12:25 | Build | Mining Camp |
| 13:05 | Research | Double-Bit Axe |
| 13:20 | Create | Villager (Male) |
| 13:26 | Build | Farm |
| 13:47 | Build | Farm |
| 13:53 | Create | Villager (Male) |
| 14:09 | Build | Farm |
| 14:13 | Build | Farm |
| 14:18 | Create | Villager (Male) |
| 14:33 | Build | Farm |
| 14:46 | Build | House |
| 15:24 | Research | Castle Age |
| 15:32 | Build | House |
| 15:35 | Build | House |
| 15:43 | Create | Villager (Male) |
| 15:43 | Create | Villager (Male) |
| 16:08 | Build | Mining Camp |
| 16:39 | Build | Barracks |
| 16:48 | Build | House |
| 16:51 | Build | House |
| 16:52 | Build | House |
| 17:03 | Build | House |
| 17:05 | Build | House |
| 17:40 | Research | Stone Mining |
| 17:50 | Build | Stable |
| 18:15 | Create | Villager (Male) |
| 18:15 | Create | Villager (Male) |
| 18:16 | Create | Villager (Male) |
| 18:16 | Create | Villager (Male) |
| 18:16 | Create | Villager (Male) |
| 18:16 | Create | Villager (Male) |
| 19:10 | Build | Town Center |
| 19:31 | Research | Stone Shaft Mining |
| 20:47 | Create | Villager (Male) |
| 20:47 | Create | Villager (Male) |
| 20:47 | Create | Villager (Male) |
| 20:47 | Create | Villager (Male) |
| 20:48 | Create | Villager (Male) |
| 20:48 | Create | Villager (Male) |
| 20:48 | Create | Villager (Male) |
| 20:48 | Create | Villager (Male) |
| 20:49 | Create | Villager (Male) |
| 21:22 | Create | Villager (Male) |
| 21:22 | Create | Villager (Male) |
| 21:34 | Create | Villager (Male) |
| 21:35 | Create | Villager (Male) |
| 21:35 | Create | Villager (Male) |
| 21:45 | Build | Town Center |
| 21:58 | Build | Farm |
| 22:04 | Build | Farm |
| 22:11 | Build | Farm |
| 22:23 | Build | Farm |
| 22:38 | Build | Farm |
| 22:50 | Build | Farm |
| 22:56 | Build | Farm |
| 23:03 | Create | Villager (Male) |
| 23:04 | Create | Villager (Male) |
| 23:04 | Create | Villager (Male) |
| 23:08 | Create | Villager (Male) |
| 23:20 | Build | Farm |
| 23:22 | Create | Villager (Male) |
| 23:35 | Build | Farm |
| 23:48 | Build | Castle |
| 23:57 | Create | Villager (Male) |
| 23:58 | Create | Villager (Male) |
| 23:59 | Create | Villager (Male) |
| 24:16 | Build | Farm |
| 24:28 | Create | Villager (Male) |
| 24:28 | Create | Villager (Male) |
| 24:29 | Create | Villager (Male) |
| 24:36 | Build | Farm |
| 24:53 | Research | Bow Saw |
| 25:00 | Build | Farm |
| 25:04 | Build | Farm |
| 25:08 | Build | Farm |
| 25:12 | Build | Farm |
| 25:16 | Create | Villager (Male) |
| 25:24 | Create | Villager (Male) |
| 25:28 | Create | Villager (Male) |
| 25:46 | Build | Farm |
| 25:52 | Build | Farm |
| 25:56 | Build | Farm |
| 26:02 | Create | Villager (Male) |
| 26:05 | Create | Villager (Male) |
| 26:09 | Create | Villager (Male) |
| 26:33 | Build | Farm |
| 26:38 | Build | Farm |
| 27:08 | Build | Farm |
| 27:39 | Create | Villager (Male) |
| 27:39 | Create | Villager (Male) |
| 27:40 | Create | Villager (Male) |
| 27:40 | Create | Villager (Male) |
| 27:48 | Research | Horse Collar |
| 27:55 | Research | Gold Mining |
| 28:02 | Build | Farm |
| 28:13 | Build | Farm |
| 28:17 | Build | Farm |
| 28:24 | Build | Farm |
| 28:30 | Create | Villager (Male) |
| 28:30 | Create | Villager (Male) |
| 28:30 | Create | Villager (Male) |
| 28:30 | Create | Villager (Male) |
| 28:30 | Create | Villager (Male) |
| 28:31 | Create | Villager (Male) |
| 28:31 | Create | Villager (Male) |
| 28:31 | Create | Villager (Male) |
| 28:35 | Build | Farm |
| 28:40 | Build | Farm |
| 28:43 | Build | Farm |
| 28:57 | Build | Mining Camp |
Match timeline
| 8:45 | NicoN · first_building Barracks |
| 9:40 | whoisyourdaddy? · age_up feudal |
| 10:37 | NicoN · age_up feudal |
| 10:39 | ezequielm · age_up feudal |
| 11:24 | whoisyourdaddy? · first_building Barracks |
| 16:39 | KenzoDayi · first_building Barracks |
| 16:52 | NicoN · first_building Stable |
| 16:58 | NicoN · first_building Archery Range |
| 17:18 | whoisyourdaddy? · age_up castle |
| 17:34 | ezequielm · first_market_sell 100 food |
| 17:49 | ezequielm · first_building Barracks |
| 17:50 | KenzoDayi · first_building Stable |
| 18:19 | ezequielm · first_market_buy 100 stone |
| 18:50 | ezequielm · first_building Stable |
| 19:29 | NicoN · first_market_buy 100 food |
| 19:34 | Whizz_68 · first_building Barracks |
| 20:25 | ezequielm · age_up castle |
| 20:47 | mustii_gltsry68 · first_building Barracks |
| 20:50 | whoisyourdaddy? · first_building Monastery |
| 21:25 | mustii_gltsry68 · first_building Archery Range |
| 21:40 | ezequielm · first_building Monastery |
| 22:22 | NicoN · age_up castle |
| 23:48 | KenzoDayi · first_building Castle |
| 24:25 | Whizz_68 · first_building Castle |
| 25:07 | NicoN · first_building Monastery |
| 25:50 | mustii_gltsry68 · first_market_buy 100 stone |
| 26:08 | mustii_gltsry68 · first_building Castle |
| 28:19 | Whizz_68 · first_building Monastery |
| 29:20 | mustii_gltsry68 · first_market_sell 100 wood |
| 29:24 | Whizz_68 · first_building Siege Workshop |
| 30:04 | ezequielm · first_building Castle |
| 30:13 | mustii_gltsry68 · first_building Siege Workshop |
| 30:21 | NicoN · first_building Castle |
| 30:35 | whoisyourdaddy? · first_building Archery Range |
| 30:45 | whoisyourdaddy? · first_building Siege Workshop |
| 32:27 | NicoN · first_building Siege Workshop |
| 32:31 | mustii_gltsry68 · first_building Monastery |
| 32:40 | ezequielm · first_building Archery Range |
| 32:49 | whoisyourdaddy? · age_up imperial |
| 33:38 | mustii_gltsry68 · wall_segment Stone Wall x1 |
| 33:48 | whoisyourdaddy? · first_building Stable |
| 34:07 | whoisyourdaddy? · wall_segment Stone Wall x14 |
| 34:15 | whoisyourdaddy? · wall_segment Stone Wall x7 |
| 34:59 | NicoN · age_up imperial |
| 35:21 | ezequielm · age_up imperial |
| 35:30 | Whizz_68 · first_market_sell 100 wood |
| 39:19 | whoisyourdaddy? · first_building Castle |
| 42:23 | KenzoDayi · first_market_sell 100 food |
| 43:23 | Whizz_68 · wall_segment Stone Wall x4 |
| 53:09 | KenzoDayi · first_market_buy 100 stone |
| 53:24 | mustii_gltsry68 · first_building Stable |
| 57:54 | ezequielm · resign |
| 70:23 | KenzoDayi · first_building Monastery |
[ AI ANALYSIS · 1 CREDIT ]
What really happened in this match?
Wolo.gg analyzes every decision: build order, eco, micro, common mistakes by bracket. Personalized analysis on WhatsApp or Discord in 30 seconds.
Civ guide
Huns
Perfil
Jugador #8577673